 Dungeon Crawl Stone Soup version 0.17-a0-1805-g6093636 (webtiles) character file.

141 wvc the Changer (level 5, -4/37 HPs)
             Began as a Merfolk Transmuter on Sept 12, 2015.
             Shot with an arrow by a centaur (6 damage)
             ... on level 2 of the Dungeon.
             The game lasted 00:04:30 (2345 turns).

wvc the Changer (Merfolk Transmuter)                Turns: 2345, Time: 00:04:30

Health: -4/37      AC:  2    Str: 10    XL:     5   Next: 24%
Magic:  4/9        EV: 21    Int: 14    God:
Gold:   59         SH:  0    Dex: 19    Spells: 2 memorised, 5 levels left

rFire  . . .     SeeInvis .       - Unarmed
rCold  . . .     Clarity  .     (armour currently unavailable)
rNeg   . . .     SustAt   .     (shield currently unavailable)
rPois  .         Gourm    .     (helmet currently unavailable)
rElec  .         Spirit   .     (cloak currently unavailable)
rCorr  .         Warding  .     (gloves currently unavailable)
rMut   .         Stasis   .     (boots currently unavailable)
MR     .....                    (no amulet)
Stlth  +++.......               k - ring of stealth
                                g - ring of poison resistance

@: spider-form, not resistant to hostile enchantments, fairly stealthy
A: (change form in water), (swift swim)
a: End Transformation


You were on level 2 of the Dungeon.
You were not hungry.
You were a venomous arachnid creature.
You visited 1 branch of the dungeon, and saw 2 of its levels.

You collected 59 gold pieces.

Inventory:

Missiles
 a - 30 arrows
 h - 4 poisoned tomahawks (quivered)
Armour
 b - a +0 robe (melded)
Jewellery
 g - a ring of poison resistance (left front leg)
 j - an uncursed ring of fire
 k - a ring of stealth (right front leg)
Scrolls
 f - a scroll of teleportation
 i - a scroll of identify
Potions
 e - a potion of heal wounds
Books
 c - a book of Changes

   Spells                             Type                      Level
   a - Beastly Appendage              Transmutation                1
   b - Sticks to Snakes               Transmutation                2
   c - Spider Form                    Transmutation/Poison         3
   d - Ice Form                       Ice/Transmutation            4
   e - Blade Hands                    Transmutation                5
Comestibles
 d - a bread ration
 l - a beef jerky


   Skills:
 - Level 1.1 Fighting
 - Level 2.6 Dodging
 - Level 3.2 Unarmed Combat
 + Level 2.7 Spellcasting
 * Level 5.3 Transmutations
 - Level 2.5 Poison Magic


You had 5 spell levels left.
You knew the following spells:

 Your Spells              Type           Power        Failure   Level  Hunger
a - Beastly Appendage     Trmt           ###...       10%         1    #......
b - Spider Form           Trmt/Pois      ##........   32%         3    ###....


Dungeon Overview and Level Annotations

Branches:
Dungeon (2/15)

Altars:


Message History

Confirm with . or Enter, or press ? or * to list all spells.
You turn into a venomous arachnid creature.
Your +0 robe melds into your body.
The giant frog hits you!
* * * LOW HITPOINT WARNING * * *
The giant frog misses you.
You hit the giant frog but do no damage.
The giant frog is poisoned.
The giant frog is heavily wounded.
The giant frog completely misses you.
You bite the giant frog!
The giant frog looks even sicker.
The giant frog is almost dead.
The giant frog closely misses you.
You hit the giant frog but do no damage.
The giant frog is almost dead.
You kill the giant frog!
Your Transmutations skill increases to level 5!
You have reached level 5!
You feel clever.
The centaur shoots an arrow.
The arrow hits you.
You die...

## #.#.# .# #.#.# .# #.#.#
.# #.#.# .#### #.#.# .##.##
#.#.# .#.#.########## #.#.#
..###......)..##### #.#.#
##.#.###..#...c)s(#####.#.#
##.####....##'##....##.#.#
#.##...####.. ####....#.#
##.#..###(.#.S #))###..#.#
#....##.#).#.. #..# ##.#.#
#.##.'.)#..#.. #..# +.#.#
##.##.##.#†(#.c #†.# ##...#
#......###.(#F. #..###...##
#..###...##'# #'##.....#


You could see a centaur.

Vanquished Creatures
  A giant frog (D:2)
  2 adders (D:2)
  An ooze (D:1)
  A worm (D:2)
  10 bats
  10 goblins
  7 hobgoblins
  5 kobolds
  3 quokkas (D:2)
  4 giant cockroaches (D:1)
  2 giant geckos
  A giant newt (D:1)
  7 rats
54 creatures vanquished.

Notes
Turn   | Place    | Note
--------------------------------------------------------------
     0 | D:1      | wvc the Merfolk Transmuter began the quest for the Orb.
     0 | D:1      | Reached XP level 1. HP: 15/15 MP: 3/3
   321 | D:1      | Reached XP level 2. HP: 21/21 MP: 3/5
   714 | D:1      | Reached skill level 4 in Transmutations
   983 | D:1      | Reached XP level 3. HP: 26/26 MP: 4/6
   989 | D:1      | Learned a level 3 spell: Spider Form
  1292 | D:2      | Reached skill level 1 in Poison Magic
  1975 | D:2      | Reached XP level 4. HP: 16/32 MP: 7/7
  2326 | D:2      | Noticed a centaur
  2327 | D:2      | Noticed a giant frog
  2345 | D:2      | Killed a giant frog
  2345 | D:2      | Reached skill level 5 in Transmutations
  2345 | D:2      | Reached XP level 5. HP: 2/37 MP: 4/9
  2345 | D:2      | Shot with an arrow by a centaur

Vault maps used:
D:1:      dpeg_arrival_rooms_b
D:2:      minmay_divided_ellipse

Action                   |  1- 3 |  4- 6 || total
-------------------------+-------+-------++-------
Melee: Unarmed           |   140 |    38 ||   178
 Cast: Beastly Appendage |    24 |     4 ||    28
       Spider Form       |     1 |     2 ||     3
  Use: Scroll            |     4 |       ||     4
 Stab: Sleeping          |     3 |     1 ||     4
  Eat: Fruit             |     1 |       ||     1
       Bread ration      |     1 |       ||     1
